Map: Terraform LE (Void)

Players

Askeladd

  • Race: Protoss Protoss
  • League: Grandmaster

wabbajack - Winner!

  • Race: Zerg Zerg
  • League: Gold

VOD

Have the link to the VOD?

Description

Time

  • Played on: July 17, 2015, 1:21 p.m.
  • Length: 7:44
Show
View Real Time Build Order
Export as new Build Order

Askeladd Protoss 

Build Orders: Forge Fast Expand (FFE) 

Get SALT Encoding   

  12  0:01  Probe  
  13  0:16  Pylon  
  13  0:20  Probe  
  14  0:34  Probe  
  15  0:46  Probe (Chrono Boost)  
  15  0:47  Forge  
  16  0:57  Probe (Chrono Boost)  
  17  1:03  Probe (Chrono Boost)  
  18  1:15  Probe (Chrono Boost)  
  18  1:17  Pylon  
  19  1:28  Nexus  
  19  1:30  Probe  
  20  1:40  Photon Cannon  
  20  1:50  Photon Cannon  
  20  1:56  Pylon  
  20  2:19  Probe  
  20  2:20  Gateway  
  20  2:22  Photon Cannon, Assimilator  
  21  2:24  Pylon, Assimilator  
  21  2:31  Probe (Chrono Boost)  
  22  2:43  Probe (Chrono Boost)  
  23  2:50  Gateway x2  
  22  2:56  Probe (Chrono Boost)  
  24  3:01  Probe (Chrono Boost)  
  25  3:07  Probe (Chrono Boost)  
  25  3:08  Cybernetics Core  
  25  3:09  Zealot  
  25  3:10  Probe (Chrono Boost)  
  28  3:14  Probe (Chrono Boost)  
  29  3:20  Probe (Chrono Boost)  
  29  3:26  Probe (Chrono Boost)  
  31  3:29  Probe (Chrono Boost)  
  31  3:33  Probe (Chrono Boost)  
  33  3:38  Probe (Chrono Boost)  
  34  3:45  Warp Gate (Chrono Boost)  
  34  3:47  Probe (Chrono Boost)  
  35  3:51  Probe (Chrono Boost), Robotics Facility  
  35  3:55  Probe, Pylon  
  37  3:58  Pylon  
  37  4:02  Probe  
  38  4:07  Probe  
  39  4:11  Zealot  
  39  4:12  Zealot  
  39  4:14  Probe  
  39  4:16  Protoss Ground Weapons Level 1 (Chrono Boost)  
  44  4:19  Stalker  
  44  4:21  Probe  
  47  4:34  Immortal  
  49  4:43  Probe  
  52  4:49  Assimilator  
  52  4:54  Stalker  
  52  4:55  Zealot  
  52  4:56  Zealot  
  58  5:01  Pylon  
  58  5:05  Pylon  
  58  5:09  Gateway  
  58  5:11  Gateway  
  58  5:13  Gateway  
  58  5:14  Warp Prism (Chrono Boost)  
  58  5:17  Gateway  
  58  5:19  Mothership Core  
  62  5:26  Pylon  
  62  5:27  Pylon  
  62  5:42  Immortal (Chrono Boost)  
  66  5:49  Stalker  
  68  5:50  Stalker x2  
  68  5:55  Pylon  
  72  6:00  Pylon  
  72  6:15  Stalker x3  
  72  6:16  Stalker x2  
  72  6:18  Zealot  
  84  6:19  Sentry  
  76  6:38  Zealot x3  
  69  6:43  Zealot  
Show
View Real Time Build Order
Export as new Build Order

wabbajack Zerg - Winner!

Build Orders: Hatch First 

Get SALT Encoding   

  12  0:01  Drone  
  13  0:11  Drone  
  14  0:20  Extractor  
  14  0:21  Drone, Extractor  
  14  0:22  Drone  
  16  0:39  Extractor x2  
  16  0:40  Extractor  
  16  0:41  Drone  
  17  0:52  Hatchery  
  16  0:58  Overlord  
  16  1:14  Spawning Pool  
  16  1:17  Drone  
  16  1:19  Drone  
  16  1:22  Drone  
  18  1:27  Extractor  
  18  1:40  Drone x2  
  19  2:07  Queen  
  21  2:08  Zergling x2  
  21  2:09  Spine Crawler, Zergling x2  
  21  2:15  Zergling x2  
  19  2:32  Drone  
  19  2:33  Drone x2  
  22  2:37  Drone  
  23  3:02  Queen  
  25  3:10  Metabolic Boost  
  25  3:16  Drone  
  25  3:17  Drone x2  
  28  3:21  Overlord  
  28  3:33  Roach Warren  
  27  3:37  Drone  
  28  3:47  Drone x5, Extractor  
  28  3:48  Drone  
  33  3:57  Overlord  
  33  4:02  Pneumatized Carapace  
  33  4:10  Baneling Nest  
  33  4:15  Overlord  
  32  4:26  Drone x2  
  32  4:29  Drone  
  35  4:49  Roach x8  
  51  4:56  Extractor  
  51  4:57  Roach  
  51  4:59  Overlord  
  53  5:05  Overlord  
  53  5:14  Baneling x2  
  53  5:19  Baneling  
  53  5:20  Zergling x2, Baneling  
  54  5:23  Zergling x4  
  56  5:29  Roach  
  56  5:30  Roach x2  
  56  5:34  Roach x2  
  66  5:38  Overlord  
  66  5:44  Overlord  
  65  6:04  Baneling  
  64  6:26  Roach x4  
  64  6:27  Roach x5  
  82  6:36  Overlord  
  78  6:46  Hatchery  
  73  7:04  Zergling x2  
  73  7:05  Zergling x22  
Tags
 
Add a new tag
Caveats
  • Supply blocks, unpowered buildings, or Contaminate may cause inaccurate times.
  • Supply counts are checked every 10 seconds.